 Dungeon Crawl Stone Soup version 0.20.1-1-g8b1a95d (webtiles) character file.

136 Peloso the Skirmisher (level 4, -3/40 HPs)
             Began as a Draconian Fighter on Aug 22, 2017.
             Killed from afar by an orc wizard (8 damage)
             ... with a magic dart
             ... on level 4 of the Dungeon.
             The game lasted 00:05:04 (2452 turns).

Peloso the Skirmisher (Draconian Fighter)           Turns: 2452, Time: 00:05:05

Health: -3/40      AC:  5    Str: 19    XL:     4   Next: 98%
Magic:  4/4        EV: 13    Int:  9    God:
Gold:   155        SH: 10    Dex: 10    Spells: 3/3 levels left

rFire    . . .     SeeInvis .   a - +1 long sword
rCold    . . .     Gourm    .   b - +1 shield
rNeg     . . .     Faith    .   (armour unavailable)
rPois    .         Spirit   .   (helmet restricted)
rElec    .         Reflect  .   (no cloak)
rCorr    +         Harm     .   (no gloves)
MR       .....                  (no boots)
Stlth    +.........             (no amulet)
Regen    0.2/turn               r - +3 ring of evasion
MPRegen  0.1/turn               g - ring of resist corrosion

@: no status effects
A: unfitting armour, cold-blooded, AC +5
a: no special abilities


You were on level 4 of the Dungeon.
You were not hungry.

You visited 1 branch of the dungeon, and saw 4 of its levels.

You collected 155 gold pieces.

Inventory:

Hand Weapons
 a - a +1 long sword (weapon)
Armour
 b - a +1 shield (worn)
Jewellery
 g - a ring of resist corrosion (right hand)
 j - an uncursed amulet of the gourmand {unknown}
 r - a +3 ring of evasion (left hand)
 t - an uncursed ring of flight
 w - an uncursed ring of ice
Wands
 x - a wand of iceblast (8/15)
Scrolls
 e - a scroll of enchant weapon
 h - a scroll of fog
 m - 4 scrolls of remove curse
 o - a scroll of teleportation
Potions
 c - 4 potions of might
 f - a potion of ambrosia {unknown}
 p - a potion of brilliance
 q - a potion of resistance {unknown}
 u - a potion of degeneration {unknown}
 v - a potion of agility {unknown}
 z - a potion of flight {unknown}
Comestibles
 d - 3 bread rations
 i - 2 meat rations
 k - 2 royal jellies
 l - 2 chunks of flesh
 A - 3 fruits


   Skills:
 + Level 4.1 Fighting
 + Level 3.2 Long Blades
 + Level 3.3 Dodging
 + Level 3.9 Shields


You had 3 spell levels left.
You didn't know any spells.

Dungeon Overview and Level Annotations

Branches:
Dungeon (4/15)
 Temple: D:4-7

Altars:
Qazlal


Innate Abilities, Weirdness & Mutations

Your plain brown scales are hard. (AC +5)
You cannot fit into any form of body armour.
You are cold-blooded and may be slowed by cold attacks.


Message History

You slash the orc wizard! You tail-slap the orc wizard.
The orc wizard is severely wounded.
The orc wizard gestures wildly while chanting.
The orc wizard flickers and vanishes!
Deactivating autopickup; reactivate with Ctrl-A.
Something hits you.
You barely miss something. Something hits you but does no damage.
You hear some strange, mumbled words.
A magic dart appears from out of thin air!
The magic dart hits you!
* * * LOW HITPOINT WARNING * * *
You hit something.
You hear some strange, mumbled words.
A magic dart appears from out of thin air!
The magic dart hits you!
* * * LOW HITPOINT WARNING * * *
You hear some strange, mumbled words.
A magic dart appears from out of thin air!
The magic dart hits you!
You die... ### #.# ###.# ...## oo.

#{# #@# #
############.##...#
#...................
##.#.#######..#......
#....^[...#...#....##
#..#.####.#..##....#
#..#.# #.#.... ...#
#..#.# #..#.### ###
#..#.# #......


You could see an orc priest and an orc.

Vanquished Creatures
  A hound (D:4)
  Terence (D:2)
  2 adders
  3 dart slugs
  3 leopard geckos
  An orc (D:3)
  A ball python (D:1)
  11 bats
  4 giant cockroaches
  4 hobgoblins
  7 kobolds
  2 quokkas
  4 frilled lizards
  5 goblins
  4 rats
53 creatures vanquished.

Notes
Turn   | Place    | Note
-------+----------+-------------------------------------------
     0 | D:1      | Peloso the Draconian Fighter began the quest for the Orb.
     0 | D:1      | Reached XP level 1. HP: 19/19 MP: 1/1
   178 | D:1      | Reached XP level 2. HP: 26/26 MP: 2/2
   597 | D:1      | Reached XP level 3. HP: 31/33 MP: 3/3
  1221 | D:2      | Noticed Terence
  1230 | D:2      | Killed Terence
  1230 | D:2      | Reached XP level 4. HP: 21/40 MP: 4/4
  1274 | D:2      | Found a stormy altar of Qazlal.
  1621 | D:3      | Reached skill level 4 in Fighting
  2452 | D:4      | Killed from afar by an orc wizard

Skill      XL: |  1  2  3  4 |
---------------+-------------+-----
Dodging        | 3 |  3.3
Fighting       | 4 |  4.1
Long Blades    | 3 |  3.2
Shields        | |  3.9

Action                   |  1- 3 |  4- 6 || total
-------------------------+-------+-------++-------
Melee: Long sword        |    96 |    33 ||   129
       Tailslap          |    14 |     4 ||    18
  Use: Scroll            |       |     8 ||     8
  Eat: Chunk             |     1 |     4 ||     5
Armor: Skin              |    39 |     2 ||    41
Dodge: Dodged            |    54 |    23 ||    77
Block: Shield            |    76 |    16 ||    92
       Rpst.: Long sword |    18 |     9 ||    27
